 Dungeon Crawl Stone Soup version 0.18.1-48-g4cf74bf (webtiles) character file.

2718 JustSomeDude the Shield-Bearer (level 9, -1/68 HPs)
             Began as a Demonspawn Fighter on May 22, 2016.
             Shot with an arrow by a centaur (10 damage)
             ... on level 8 of the Dungeon on July 23, 2016.
             The game lasted 00:25:46 (5819 turns).

JustSomeDude the Shield-Bearer (Demonspawn Fighter) Turns: 5819, Time: 00:25:46

Health: -1/68      AC:  5    Str: 21    XL:     9   Next: 39%
Magic:  9/9        EV: 10    Int:  9    God:
Gold:   284        SH: 10    Dex: 10    Spells: 0 memorised, 8 levels left

rFire  + . .     SeeInvis +     a - +0 trident
rCold  . . .     Gourm    .     e - +1 scale mail
rNeg   . . .     Faith    .     c - +0 shield
rPois  .         Spirit   .     (helmet restricted)
rElec  .         Dismiss  .     (no cloak)
rCorr  .         Reflect  .     (no gloves)
SustAt .         Harm     .     (no boots)
MR     .....                    t - amulet of regeneration
Stlth  +.........               v - ring of see invisible
                                A - ring of protection from fire

@: about to teleport, very slightly contaminated, not resistant to hostile
enchantments, very unstealthy
A: antennae 1, talons 2, clumsy 1, deformed body, nightstalker 1, sense
surroundings 3, evolution 1, rot immunity
a: no special abilities


You were on level 8 of the Dungeon.
You were not hungry.

You visited 2 branches of the dungeon, and saw 9 of its levels.
You also visited: Sewer.

You collected 284 gold pieces.

Inventory:

Hand Weapons
 a - a +0 trident (weapon)
 C - a +0 war axe
Missiles
 w - 4 javelins
 K - 2 javelins of penetration (quivered)
Armour
 c - a +0 shield (worn)
 e - a +1 scale mail (worn)
 m - a +0 helmet
Jewellery
 g - an uncursed ring of sustain attributes {unknown}
 i - an uncursed amulet of dismissal
 t - an amulet of regeneration (around neck)
 u - an uncursed ring of magical power
 v - a ring of see invisible (right hand)
 A - a ring of protection from fire (left hand)
 J - a +2 ring of strength {unknown}
 L - a cursed +3 ring of evasion {unknown}
Wands
 I - a wand of lightning (0/15)
 N - a wand of paralysis (11/24)
Scrolls
 j - 5 scrolls of identify
 p - a scroll of teleportation
 q - 5 scrolls of remove curse
 x - 4 scrolls of magic mapping
 z - a scroll of enchant armour
Potions
 h - a potion of flight
 l - a potion of magic
 o - a potion of cancellation
 F - a potion of brilliance {unknown}
 M - a potion of degeneration {unknown}
Comestibles
 f - 6 bread rations
 k - a slice of pizza
 r - 3 beef jerkies
 s - 2 fruits
 D - a royal jelly
 G - a meat ration


   Skills:
 + Level 5.2 Fighting
 + Level 0.1(3.3) Axes
 + Level 5.4 Polearms
 + Level 5.7 Armour
 + Level 5.5 Dodging
 + Level 1.5 Stealth
 + Level 6.5 Shields


You had 8 spell levels left.
You didn't know any spells.

Dungeon Overview and Level Annotations

Branches:
Dungeon (8/15)             Temple (1/1) D:7
   Lair: D:8-11

Altars:
Ashenzari
Cheibriados
Dithmenos
Elyvilon
Fedhas
Gozag
Makhleb
Nemelex Xobeh
Okawaru
Pakellas
Qazlal
Ru
Sif Muna
Trog
Vehumet
Xom
Yredelemnul
Zin
The Shining One

Shops:
D:7 %

Annotations:
D:8 Prince Ribbit


Innate Abilities, Weirdness & Mutations

You have razor-sharp toenails.
You are slightly more attuned to the shadows.
You are immune to rotting.
You have a pair of small antennae on your head.
You are clumsy. (Dex -2)
Armour fits poorly on your strangely shaped body.
You passively map a large area around you.
You evolve.


Message History

The centaur wields a shortbow.
The centaur shoots an arrow.
The arrow hits you.
* * * LOW HITPOINT WARNING * * *
Found four items.
Found an escape hatch in the floor.
A crimson imp and a zombie come into view.
You see here an arrow.
Read which item? (? for menu, Esc to quit)
Blink to where?
Press: ? - help, Dir - move target cursor You are very lightly contaminated with residual magic.
As you read the scroll of blinking, it crumbles to dust.
Found a stone staircase leading down.
Found an iron wand.
Found a potion of curing.
The centaur shoots an arrow.
The arrow hits you.
* * * LOW HITPOINT WARNING * * *
You see here an arrow.
Read which item? (? for menu, Esc to quit)
As you read the scroll of teleportation, it crumbles to dust.
You feel strangely unstable.
The centaur shoots an arrow.
The arrow hits you!
You die...

, * * * * * * * *
* #.... * ,*
#...# , #...#* *
#...# * *,* *
#...# ,* * #../#
, #.@.###. * , *
*
#########........
, * * * ,,,
............#####
, ,, ***
*######.##.....!*
* * ,**
#.####.##.# * ,*
#.# ... .,,, #.#
#c##. * *
#.####.#* ## *,
#..%...>, 5###
*,, *


You could see a centaur.

Vanquished Creatures
  Duvessa (D:4)
  An orc warrior (D:7)
  2 sky beasts (D:6)
  An ice beast (D:7)
  3 ogres
  A necrophage (D:7)
  A wolf (D:7)
  The ghost of epen the Changer, an amateur MfTm (Sewer)
  2 big kobolds
  2 giant frogs
  Dowan (D:4)
  A scorpion (D:6)
  6 killer bees
  3 howler monkeys (D:7)
  A crimson imp (D:3)
  2 centaur zombies (D:7)
  A hound (D:6)
  A jelly (D:5)
  4 orc priests
  5 orc wizards
  3 iguanas
  9 worker ants
  A centaur simulacrum (D:8)
  A hound skeleton (D:5)
  A howler monkey zombie (D:3)
  A worker ant zombie (D:6)
  4 gnolls (D:4)
  A river rat (Sewer)
  7 adders
  A shadow imp (D:7)
  A white imp (D:8)
  An adder zombie (D:5)
  An adder skeleton (D:5)
  A worm (D:3)
  A dart slug (D:2)
  4 giant geckos
  14 orcs
  2 ball pythons
  5 giant cockroaches
  4 goblins
  7 hobgoblins
  6 jackals
  19 kobolds
  3 quokkas
  3 bats
  4 giant newts
  A quokka skeleton (D:4)
  6 rats
152 creatures vanquished.

Notes
Turn   | Place    | Note
--------------------------------------------------------------
     0 | D:1      | JustSomeDude the Demonspawn Fighter began the quest for the Orb.
     0 | D:1      | Reached XP level 1. HP: 18/18 MP: 1/1
   526 | D:1      | Gained mutation: You are slightly more attuned to the shadows. [demonic ancestry]
   526 | D:1      | Reached XP level 2. HP: 24/24 MP: 2/2
   918 | D:2      | Reached XP level 3. HP: 20/29 MP: 3/3
  1020 | D:2      | Reached skill level 3 in Shields
  1259 | D:2      | Found a snail-covered altar of Cheibriados.
  1552 | D:3      | Found a glowing drain.
  1578 | D:3      | Reached XP level 4. HP: 27/35 MP: 4/4
  1713 | Sewer    | Entered a sewer
  1746 | Sewer    | Noticed epen's ghost (amateur MfTm)
  1753 | Sewer    | Killed epen's ghost
  1753 | Sewer    | Reached skill level 1 in Dodging
  1753 | Sewer    | Gained mutation: You have sharp toenails. [demonic ancestry]
  1753 | Sewer    | Reached XP level 5. HP: 41/41 MP: 5/5
  1941 | Sewer    | Found a white marble altar of Elyvilon.
  2270 | D:3      | Gained mutation: You are immune to rotting. [demonic ancestry]
  2270 | D:3      | Reached XP level 6. HP: 44/47 MP: 6/6
  2541 | D:4      | Found a sacrificial altar of Ru.
  2582 | D:4      | Found a bloodstained altar of Trog.
  2593 | D:4      | Noticed Duvessa
  2594 | D:4      | Noticed Dowan
  2600 | D:4      | Killed Duvessa
  2687 | D:4      | Reached skill level 4 in Shields
  2719 | D:4      | Killed Dowan
  2738 | D:4      | Found an opulent altar of Gozag.
  2757 | D:4      | Gained mutation: You have razor-sharp toenails. [demonic ancestry]
  2757 | D:4      | Reached XP level 7. HP: 48/53 MP: 7/7
  3209 | D:5      | Entered Level 5 of the Dungeon
  3944 | D:6      | Found a sparkling altar of Nemelex Xobeh.
  4155 | D:6      | Found a blossoming altar of Fedhas.
  4169 | D:6      | Reached skill level 5 in Armour
  4169 | D:6      | Reached skill level 1 in Stealth
  4169 | D:6      | Reached XP level 8. HP: 61/61 MP: 8/8
  4173 | D:6      | Gained mutation: You passively map a small area around you. [mutagenic meat]
  4174 | D:6      | Gained mutation: You passively map the area around you. [mutagenic meat]
  4175 | D:6      | Gained mutation: You have a pair of small antennae on your head. [mutagenic meat]
  4176 | D:6      | Gained mutation: You are clumsy. (Dex -2) [mutagenic meat]
  4192 | D:6      | Reached skill level 5 in Shields
  4376 | D:6      | Gained mutation: Your natural rate of healing is unusually fast. [mutagenic meat]
  4378 | D:6      | Gained mutation: You evolve. [mutagenic meat]
  4379 | D:6      | Gained mutation: Armour fits poorly on your strangely shaped body. [mutagenic meat]
  4381 | D:6      | Lost mutation: Your natural rate of healing is unusually fast. [mutagenic meat]
  4383 | D:6      | Gained mutation: You passively map a large area around you. [evolution]
  4500 | D:7      | Found a staircase to the Ecumenical Temple.
  4506 | Temple   | Entered the Ecumenical Temple
  4653 | D:7      | Reached skill level 5 in Polearms
  5000 | D:7      | Reached skill level 6 in Shields
  5000 | D:7      | Reached XP level 9. HP: 47/67 MP: 9/9
  5040 | D:7      | Reached skill level 5 in Fighting
  5040 | D:7      | Reached skill level 5 in Dodging
  5097 | D:7      | Found Vuimmysar's Food Shoppe.
  5133 | D:7      | Upgraded the game from 0.18.1-8-gdd0e5ea to 0.18.1-48-g4cf74bf
  5419 | D:8      | Noticed a polar bear
  5598 | D:8      | Noticed Prince Ribbit
  5819 | D:8      | Shot with an arrow by a centaur

Skill      XL: |  1  2  3  4  5  6  7  8  9 |
---------------+----------------------------+-----
Polearms       | 2 3 4 5 |  5.4
Armour         | 3 4 5 |  5.7
Shields        | 3 4 6 |  6.5
Dodging        | 1 2 3 4 5 |  5.5
Fighting       | 4 5 |  5.2
Stealth        | 1 |  1.5
Axes           | |  0.1

Action                   |  1- 3 |  4- 6 |  7- 9 || total
-------------------------+-------+-------+-------++-------
Melee: Trident           |   150 |   179 |   552 ||   881
       Kick              |       |    33 |   128 ||   161
       War axe           |       |       |    20 ||    20
Throw: Javelin           |       |       |     2 ||     2
Evoke: Wand              |       |       |     4 ||     4
  Use: Scroll            |     6 |       |    11 ||    17
       Potion            |       |     4 |    13 ||    17
 Stab: Sleeping          |       |       |     2 ||     2
       Distracted        |       |       |     2 ||     2
  Eat: Chunk             |     1 |     2 |    20 ||    23
       Fruit             |       |     2 |     1 ||     3
       Royal jelly       |       |     1 |       ||     1
Armor: Scale mail        |    64 |    55 |   131 ||   250
       Skin              |       |     3 |   183 ||   186
Dodge: Dodged            |    35 |    33 |   210 ||   278
Block: Shield            |    73 |    95 |   378 ||   546
